 Dungeon Crawl Stone Soup version 0.31.0 (webtiles) character file.

Game seed: 4434222247286921011

1511035 EnegeticOcto the Formicid Barricade (level 27, 232/232 (242) HPs)
             Began as a Formicid Cinder Acolyte on Jan 19, 2024.
             Was a High Priest of Ignis.
             Escaped with the Orb
             ... and 3 runes!
             The game lasted 02:21:45 (85217 turns).

EnegeticOcto the Formicid Barricade (FoCA)         Turns: 85217, Time: 02:21:46

HP:   232/232 (242) AC: 33    Str: 32    XL:     27
MP:   40/40         EV: 13    Int: 17    God:    Ignis [*****.]
Gold: 4930          SH: 30    Dex:  9    Spells: 14/52 levels left

rFire   + + +        b - +7 lajatang of Order {silver, rMut}
rCold   + . .        T - +7 tower shield {rC+ rF+}
rNeg    + . .        R - +4 chain mail "Hieb Ych" {rPois Regen+}
rPois   +            (helmet unavailable)
rElec   +            N - +2 cloak {Will+}
rCorr   .            r - +2 pair of gloves "Akaohim" {Str+4}
SInv    +            V - +2 pair of boots {Fly}
Will    +++..        J - amulet of regeneration Stlth
                     v - ring of the Scarab {rElec rF+ rN+}
HPRegen 2.18/turn    X - +4 ring of protection
MPRegen 0.27/turn

%: resist mutation
@: flying, studying 3 skills, lightly drained
A: permanent stasis, dig shafts and tunnels, antennae 3, four strong arms,
clumsy 1, screaming 1, subdued magic 1
0: Orb of Zot
}: 3/15 runes: decaying, silver, gossamer
a: Dig, Shaft Self, Renounce Religion, Fiery Armour, Foxfire Swarm


You escaped.
You worshipped Ignis.
Ignis was extremely pleased with you.
You visited 9 branches of the dungeon, and saw 47 of its levels.
You visited 2 bazaars.
You also visited: Bailey.

You collected 8217 gold pieces.
You spent 3287 gold pieces at shops.

Inventory:

Hand Weapons
 b - the +7 lajatang of Order (weapon) {silver, rMut}
   (You found it on level 3 of the Spider Nest)

   rMut:      It protects you from mutation.
 f - a +9 lajatang of protection
   (You found it on level 5 of the Lair of Beasts)
Missiles
 m - 13 curare-tipped darts (quivered)
 M - 5 throwing nets {!f}
Armour
 r - the +2 pair of gloves "Akaohim" (worn) {Str+4}
   (You bought it in a shop in a bazaar)

   Str+4:     It affects your strength (+4).
 N - a +2 cloak of willpower (worn)
   (You took it off Nikola on level 3 of the Spider Nest)
 R - the +4 chain mail "Hieb Ych" (worn) {rPois Regen+}
   (You found it in a bailey)

   rPois:     It protects you from poison Regen+: It increases your rate of
   health regeneration.
 T - a +7 tower shield of resistance (worn)
   (You bought it in a shop in a bazaar)
 V - a +2 pair of boots of flying (worn)
   (You found it on level 5 of the Vaults)
Jewellery
 g - a ring of resist corrosion
   (You found it on level 1 of the Vaults)
 p - a ring of poison resistance
   (You found it on level 3 of the Vaults)
 v - the ring of the Scarab (left hand) {rElec rF+ rN+}
   (You found it on level 11 of the Dungeon)

   [ring of positive energy]

   rF+:       It protects you from fire.
   rElec:     It insulates you from electricity.
   rN+:       It protects you from negative energy.
 y - the ring of Shadows {Umbra +Inv Stlth+}
   (You took it off a deep elf demonologist on level 5 of the Vaults)

   [ring of stealth]

   Umbra:     It surrounds you with an aura of shadow, increasing your stealth
   and reducing the accuracy of all others within it.
   +Inv:      It lets you turn invisible.
   Stlth+:    It makes you more stealthy.
 C - a +6 ring of strength
   (You found it on level 4 of the Vaults)
 J - an amulet of regeneration (around neck)
   (You found it on level 12 of the Dungeon)
 K - the ring "Hyeptidiu" {rN++ Int+5 Slay+4 SInv}
   (You took it off a frost giant on level 5 of the Vaults)

   [ring of slaying]

   Int+5:     It affects your intelligence (+5).
   Slay+4:    It affects your accuracy & damage with ranged weapons and melee
   (+4).
   rN++:      It greatly protects you from negative energy.
   SInv:      It lets you see invisible.
 O - a ring of willpower
   (You found it on level 1 of the Swamp)
 X - a +4 ring of protection (right hand)
   (You found it on level 9 of the Dungeon)
Wands
 j - a wand of mindburst (29)
   (You found it on level 5 of the Dungeon)
 o - a wand of roots (31) {@v2}
   (You found it on level 7 of the Dungeon)
 A - a wand of charming (62)
   (You found it on level 10 of the Dungeon)
 B - a wand of flame (157) {@v4}
   (You found it on level 1 of the Lair of Beasts)
 E - a wand of polymorph (14)
   (You found it on level 3 of the Lair of Beasts)
 G - a wand of digging (15) {@v3}
   (You found it on level 10 of the Dungeon)
 W - a wand of light (48) {@v1}
   (You found it on level 9 of the Dungeon)
Scrolls
 c - 6 scrolls of fog {!r}
 i - 3 scrolls of torment
 s - 6 scrolls of revelation {@r5 !r}
 t - 8 scrolls of vulnerability
 w - 2 scrolls of enchant weapon
 x - 8 scrolls of fear {!r}
 F - 2 scrolls of butterflies {!r}
 I - 9 scrolls of poison {!r}
 L - 4 scrolls of silence {!r}
 Y - 5 scrolls of immolation
 Z - a scroll of enchant armour
Potions
 a - 2 potions of cancellation
 e - 5 potions of attraction
 h - 5 potions of lignification {@q6}
 k - 9 potions of might {@q3 !q}
 n - 11 potions of brilliance
 q - 8 potions of ambrosia
 u - 9 potions of mutation
 z - 29 potions of curing {@q1 !q}
 D - 4 potions of resistance
 H - 6 potions of magic
 P - 9 potions of heal wounds {@q2 !q}
 Q - 4 potions of invisibility
 S - 8 potions of enlightenment
Miscellaneous
 d - a lightning rod (4/4)
   (You bought it in a shop on level 11 of the Dungeon)
 l - a phantom mirror (inert)
   (You found it on level 11 of the Dungeon)
 U - a sack of spiders
   (You found it on level 5 of the Vaults)


   Skills:
 - Level 25.0 Fighting
 - Level 8.8(12.3) Maces & Flails
 - Level 13.8(14.7) Staves
 - Level 17.9 Armour
 - Level 11.8 Dodging
 - Level 5.0 Stealth
 O Level 27 Shields
 - Level 13.0 Spellcasting
 - Level 8.0 Conjurations
 + Level 8.3 Summonings
 - Level 10.0 Translocations
 - Level 6.0 Fire Magic
 - Level 19.0 Alchemy
 - Level 12.0 Evocations


You had 14 spell levels left.
You knew the following spells:

 Your Spells              Type           Power      Damage    Failure   Level
a - Sticky Flame          Fire/Alch      41%        2d8       1%          4
b - Olgreb's Toxic Radia  Alch           55%        N/A       1%          4
c - Ignite Poison         Fire/Alch      41%        N/A       1%          4
d - Manifold Assault      Tloc           34%        N/A       1%          4
e - Scorch                Fire           48%        2d7       1%          2
f - Cause Fear            Hex            4%         N/A       78%         4
g - Yara's Violent Unrav  Hex/Alch       16%        3d8       7%          5
h - Apportation           Tloc           68%        N/A       1%          1
i - Call Canine Familiar  Summ           30%        N/A       1%          3
z - Irradiate             Conj/Alch      21%        3d18      1%          5
H - Cigotuvi's Dreadful   Necr/Alch/Air  50%        N/A       1%          2

Your spell library contained the following spells:

 Spells                   Type           Power      Damage    Failure   Level
 Kiss of Death            Conj/Necr      72%        2d10      1%          1
 Magic Dart               Conj           100%       1d8       1%          1
 Shock                    Conj/Air       72%        1d7       1%          1
 Sting                    Conj/Alch      100%       1d9       1%          1
 Lesser Beckoning         Tloc           68%        N/A       1%          2
 Mercury Vapours          Alch/Air       66%        N/A       1%          2
 Momentum Strike          Conj/Tloc      64%        3d9       1%          2
 Searing Ray              Conj           58%        2d6       1%          2
 Gell's Gravitas          Tloc           34%        N/A       1%          3
 Teleport Other           Tloc           34%        N/A       1%          3
 Volatile Blastmotes      Fire/Tloc      58%        2d14      1%          3
 Fulminant Prism          Conj/Alch      21%        3d12      1%          4
 Alistair's Intoxication  Alch           36%        N/A       1%          5
 Eringya's Noxious Bog    Alch           27%        4d6       1%          6
 Leda's Liquefaction      Alch/Erth      16%        N/A       2%          4
 Static Discharge         Conj/Air       36%        3-5/arc   3%          2
 Summon Ice Beast         Ice/Summ       19%        N/A       6%          3
 Dazzling Flash           Conj/Hex       36%        N/A       7%          3
 Hailstorm                Conj/Ice       18%        3d7       7%          3
 Stone Arrow              Conj/Erth      36%        3d9       7%          3
 Flame Wave               Conj/Fire      26%        2d8       7%          4
 Summon Forest            Summ/Tloc      16%        N/A       8%          5
 Inner Flame              Hex/Fire       16%        N/A       11%         3
 Freeze                   Ice            32%        1d5       12%         1
 Necrotise                Necr           32%        1d5       12%         1
 Slow                     Hex            32%        N/A       12%         1
 Dimensional Bullseye     Hex/Tloc       10%        N/A       16%         4
 Ensorcelled Hibernation  Hex/Ice        16%        N/A       19%         2
 Jinxbite                 Hex            16%        N/A       19%         2
 Sublimation of Blood     Necr           8%         N/A       19%         2
 Animate Armour           Summ/Erth      38%        N/A       22%         4
 Martyr's Knell           Necr/Summ      19%        N/A       22%         4
 Summon Lightning Spire   Summ/Air       19%        N/A       22%         4
 Dispersal                Tloc           17%        N/A       32%         6
 Confusing Touch          Hex            8%         N/A       36%         3
 Frozen Ramparts          Ice            16%        1d3       36%         3
 Fugue of the Fallen      Necr           8%         N/A       36%         3
 Ozocubu's Armour         Ice            8%         N/A       36%         3
 Passwall                 Erth           8%         N/A       36%         3
 Sigil of Binding         Hex            8%         N/A       36%         3
 Vampiric Draining        Necr           8%         2d6       36%         3
 Summon Mana Viper        Hex/Summ       19%        N/A       54%         5
 Arcjolt                  Conj/Air       9%         1d19      56%         5
 Starburst                Conj/Fire      13%        6d5       73%         6
 Freezing Cloud           Conj/Ice/Air   7%         6-21      77%         5
 Airstrike                Air            4%         2d(1-17)  78%         4
 Anguish                  Hex/Necr       4%         N/A       78%         4
 Animate Dead             Necr           8%         N/A       78%         4
 Borgnjor's Vile Clutch   Necr/Erth      4%         N/A       98%         5
 Curse of Agony           Necr           8%         N/A       98%         5
 Lee's Rapid Deconstruct  Erth           4%         3d5*      98%         5
 Metabolic Englaciation   Hex/Ice        4%         N/A       98%         5
 Silence                  Hex/Air        4%         N/A       98%         5
 Monstrous Menagerie      Summ           15%        N/A       98%         7
 Summon Hydra             Summ           15%        N/A       98%         7
 Bombard                  Conj/Erth      9%         9d2       99%         6
 Death Channel            Necr           4%         N/A       100%        6
 Enfeeble                 Hex            4%         N/A       100%        7
 Haunt                    Necr/Summ      9%         N/A       100%        7
 Ozocubu's Refrigeration  Ice            4%         4d8       100%        7
 Borgnjor's Revivificati  Necr           4%         N/A       100%        8
 Discord                  Hex            4%         N/A       100%        8
 Disjunction              Tloc           17%        N/A       100%        8
 Ignition                 Fire           12%        3d6       100%        8
 Lehudib's Crystal Spear  Conj/Erth      9%         10d4      100%        8
 Maxwell's Capacitive Co  Air            4%         ∞         100%        8
 Death's Door             Necr           4%         N/A       100%        9
 Polar Vortex             Ice            4%         N/A       100%        9
 Blink                    Tloc           Unusable   N/A       N/A         2
 Vhi's Electric Charge    Tloc/Air       Unusable   N/A       N/A         4
 Swiftness                Air            Unusable   N/A       N/A         3

Dungeon Overview and Level Annotations

Branches:
Dungeon (15/15)            Temple (0/1) D:7            Lair (5/5) D:11
  Swamp (4/4) Lair:3       Spider (4/4) Lair:2        Slime (0/5) Lair:5
    Orc (2/2) D:9             Elf (3/3) Orc:2        Vaults (5/5) D:14
  Crypt (0/3) Vaults:3     Depths (4/4) D:15            Zot (5/5) Depths:4
 Bailey (visited)

Altars:
Elyvilon
Gozag
Kikubaaqudgha
Makhleb
Okawaru
Qazlal
Sif Muna
Trog
Uskayaw
Vehumet
Wu Jian
Xom
Yredelemnul
The Shining One
Jiyva

Shops:
D:6 [   D:11 *   Orc:2 =:(*   Elf:1 (   Elf:2 :[   Vaults:1 *   Vaults:4 (
Depths:1 [

Portals:
Hell: Lair:5 Depths:1 Depths:2 Depths:3 Depths:4
Abyss: Depths:3
Pandemonium: Depths:1 Depths:2
Ziggurat: Depths:4

Annotations:
D:12 1 runed translucent door, exclusion: door, Naggiasi's ghost, journeyman KoBr
Lair:5 exclusions: orange crystal statue and 1 more exclusion
Spider:2 Roxanne
Elf:1 exclusion: door
Elf:2 3 runed translucent doors, exclusion: door
Depths:4 1 runed translucent door, exclusion: door, Viocziel's ghost, adept TrMo
Zot:4 6 runed translucent doors
Zot:5 exclusion: orange crystal statue


Innate Abilities, Weirdness & Mutations

You cannot be hasted, slowed, berserked, paralysed or teleported.
You can dig through walls and to a lower floor.
You have a pair of large antennae on your head. (SInv)
Your four strong arms can wield two-handed weapons with a shield.
You are clumsy. (Dex -2)
You occasionally shout uncontrollably at your foes.
Your spells are a little easier to cast, but a little less powerful.


Message History

The Orb Guardian is severely wounded.
You block the Orb Guardian's attack.
A demonspawn corrupter comes into view. It is wielding a +0 dire flail.
You slice the Orb Guardian!!
You kill the Orb Guardian!
A demonspawn corrupter comes into view. It is wielding a +0 great sword.
You hear a grinding noise.
A cacodemon comes into view.
You slice the demonspawn corrupter!!
The silver sears the demonspawn corrupter!
The demonspawn corrupter is heavily wounded.
You slice the demonspawn corrupter!!
The silver sears the demonspawn corrupter!
The demonspawn corrupter is almost dead.
You block the demonspawn corrupter's attack. x2
The demonspawn corrupter calls forth creatures from the Tomb of the Ancients! x2
The cacodemon gestures at you. You resist with almost no effort.
The ancient champion gestures at you while chanting.
You block the iron shot.
The ancient champion mumbles some strange words.
The ancient champion seems to speed up.
The ancient champion gestures wildly while chanting.
The ancient champion seems to speed up.
Things that are here:
a +0 robe; a +0 whip The demonspawn corrupter calls forth creatures from the Abyss!
The mummy priest utters an invocation to its god.
Things that are here:
a +0 flail; a +0 spear The demonspawn corrupter calls down the wrath of Lugonu upon you.
The entropic weave corrodes you!
The mummy priest calls down the wrath of its god upon you.
Something smites you!
The demonspawn corrupter calls forth creatures from the Elven Halls!
A starcursed mass splits.
The starcursed mass shrieks in your mind.
You block the sphinx's attack. x2; The sphinx barely misses you.
There is a stone staircase leading up, spattered with blood here.
The cacodemon gestures next to the ancient champion.
Some rock shatters into small pieces.
You block the sphinx's attack. x3
A starcursed mass splits.
You fly upwards.
There is a stone staircase leading down here.
(D) Dungeon (T) Temple (L) Lair (S) Swamp (N) Spider Nest (M) Slime Pits (O) Orcish Mines (E) Elven Halls (V) Vaults (C) Crypt (U) Depths (H) Hell (Z) Zot
Where to? (Tab/Enter - D:1 @ (x,y), ? - help)
Things that are here:
a +0 club; a gnoll skeleton A reaper comes into view.
It is wielding a +1 scythe of freezing.
Unknown command.
You barely miss the reaper. You slice the reaper!!
The reaper is moderately wounded.
You barely miss the reaper.
The reaper is moderately wounded.
The reaper hits you with a +1 scythe of freezing!
The reaper freezes you.
You slice the reaper!!
The reaper is severely wounded.
The reaper hits you with a +1 scythe of freezing.
You slash the reaper!
You kill the reaper!
No target in view!
Casting: Olgreb's Toxic Radiance (safe; 1% risk of failure)
Confirm with . or Enter, or press ? or * to list all spells.
Okay, then.
You extend your mandibles.
You dig through the rock wall.
You feel drained.
You retract your mandibles.
You are no longer corroded.
You extend your mandibles.
You dig through the rock wall.
You feel drained.
You retract your mandibles.
There is a stone staircase leading up here.
You fly upwards.
There is a stone staircase leading down here.
(D) Dungeon (T) Temple (L) Lair (S) Swamp (N) Spider Nest (M) Slime Pits (O) Orcish Mines (E) Elven Halls (V) Vaults (C) Crypt (U) Depths (H) Hell (Z) Zot
Where to? (Tab/Enter - D:1 @ (x,y), ? - help)
A reaper comes into view. It is wielding a +5 heavy scythe.
Unknown command.
The reaper moves out of view.
There is a stone staircase leading up here.
You fly upwards.
There is a stone staircase leading down here.
(D) Dungeon (T) Temple (L) Lair (S) Swamp (N) Spider Nest (M) Slime Pits (O) Orcish Mines (E) Elven Halls (V) Vaults (C) Crypt (U) Depths (H) Hell (Z) Zot
Where to? (Tab/Enter - D:1 @ (x,y), ? - help)
There is an open door here.
There is an open door here.
There is a staircase leading out of the dungeon here.
Unknown command.
You have escaped!

#.# #.# #.##.#.#
#.## #.# #.##.#.##
#..######.###
#........
##..[.......#
#.#####.#
###.######.# #.# #.#
#.######.## #.# #..
#.........# ##.# #..
#### #.........#
#..#####.# #..#
#......@..#
#......... #..#
#.....>...#
#.#.#.#### #>.###
#######'###
###.#.#..... #..'.##
##'######...........
#####'##
#...#.....###[#.....
#......# #...#####.#
#...#### #......#
#...# #.###.###
#......# #...#
#.....# ########
##### #####.######


There were no monsters in sight!

Vanquished Creatures
  A dread lich (Zot:5)
  2 orbs of fire (Zot:5)
  5 ancient liches
  Mara (Spider:4)
  4 juggernauts
  Boris (twice) (Vaults:1 Vaults:2)
  Josephina (Depths:3)
  11 Killer Klowns
  2 curse toes (Zot:5)
  8 golden dragons
  Nikola (Spider:3)
  Arachne (Spider:2)
  A bone dragon (Depths:2)
  3 doom hounds (Depths:4)
  13 tentacled monstrosities
  2 electric golems (Zot:5)
  2 hellephants (Depths:1)
  A lich (Vaults:3)
  Grunn (Depths:4)
  A walking earthen tome (Depths:2)
  6 titans
  8 quicksilver dragons
  28 Orb Guardians
  3 deep elf master archers
  2 walking divine tomes
  3 deep elf blademasters
  An Executioner (Depths:4)
  3 ancient champions
  Frances (Swamp:1)
  6 death cobs
  3 sphinxes
  15 shadow dragons
  2 thorn hunters
  Agnes (Spider:4)
  7 tengu reavers
  11 storm dragons
  Donald (Swamp:1)
  The ghost of OceanMan the Blocker, a journeyman MiFi of Trog (D:13)
  A fenstrider witch (Swamp:1)
  17 frost giants
  2 draconian monks (Zot:3)
  3 emperor scorpions
  3 deep elf sorcerers
  2 fire giants (Depths:2)
  9 protean progenitors
  21 vault wardens
  A draconian knight (Zot:3)
  Louise (Spider:4)
  A draconian scorcher (Zot:5)
  8 ghost moths
  4 draconian shifters
  A balrug (Depths:2)
  2 deep elf elementalists (Elf:3)
  A spriggan defender (Depths:2)
  20 ironbound preservers
  A draconian stormcaller (Zot:3)
  An iron dragon (Vaults:4)
  2 cacodemons
  2 broodmothers
  An orc warlord (Vaults:4)
  A reaper (D:3)
  27 very ugly things
  2 quicksilver oozes (Zot:4)
  6 ironbound thunderhulks
  14 stone giants
  7 apis (D:12)
  4 black draconians
  A lorocyproca (Depths:2)
  25 dire elephants
  10 war gargoyles
  2 formless jellyfish (Vaults:4)
  8 deep elf demonologists
  2 eleionomae
  7 deep elf death magi
  8 yellow draconians
  Nessos (Orc:2)
  6 bunyips
  10 spark wasps
  5 green draconians
  3 red draconians
  2 white draconians
  5 purple draconians
  2 deep elf annihilators (Elf:3)
  17 ettins
  3 green deaths
  2 spectral elves (Elf:1)
  9 yaktaur captains
  6 deep elf high priests
  4 entropy weavers
  9 fire dragons
  46 vault guards
  7 great orbs of eyes
  4 rakshasas
  3 peacekeepers
  A hell beast (Depths:2)
  An ogre mage (Vaults:2)
  11 ice dragons
  8 ironbound frosthearts
  A salamander tyrant (Depths:2)
  The ghost of Valeaz the Thaumaturge, a journeyman GnAE of Sif Muna (D:10)
  3 ghost crabs
  3 catoblepae
  4 spriggan air magi
  3 centaur warriors
  9 boulder beetles
  13 hydras
  4 jorogumos
  21 dancing weapons
  5 alligators
  6 radroaches
  8 two-headed ogres
  10 demonic crawlers
  3 deep troll shamans
  3 death knights
  A death scarab (Spider:3)
  A vampire mage (Depths:2)
  13 death yaks
  6 deep troll earth magi
  An occultist (Lair:5)
  7 hell knights
  6 spriggan berserkers
  6 orc high priests
  3 tengu warriors
  25 deep elf knights
  17 spriggans
  4 skysharks
  A shadow wraith (Elf:1)
  2 sun demons
  5 iron trolls
  2 sixfirhies
  A skeletal warrior (D:12)
  A salamander mystic (Depths:2)
  6 goliath frogs
  8 pharaoh ants
  2 skysharks (shapeshifter) (Vaults:5)
  A quicksilver dragon simulacrum (Depths:2)
  A goliath frog (shapeshifter) (Vaults:5)
  40 deep trolls
  3 large abominations
  2 spriggan druids
  3 elf simulacra (Elf:1)
  17 deep elf archers
  7 swamp dragons
  6 arcanists
  3 sun moths
  13 orb spiders
  5 flayed ghosts
  A spriggan simulacrum (Depths:3)
  4 phantasmal warriors
  4 steelbarb worms
  4 glowing orange brains
  19 ironbound convokers
  9 bog bodies
  11 orc knights
  6 harpies
  35 deep elf pyromancers
  2 lindwurms (shapeshifter)
  25 deep elf zephyrmancers
  12 lindwurms
  An oklob plant (Lair:1)
  7 necromancers
  A human zombie (Vaults:4)
  A faun (shapeshifter) (Depths:2)
  6 cyclopes
  A shadow dragon skeleton (Vaults:4)
  4 manticores
  26 ugly things
  2 salamanders (Depths:2)
  Maurice (D:7)
  28 elephants
  2 meliai
  16 wolf spiders
  A will-o-the-wisp (Swamp:2)
  12 vault sentinels
  The ghost of ratatoskos the Changeling, a novice OpSh of Trog (D:6)
  23 moths of wrath
  A rust devil (Depths:2)
  5 black mambas
  3 smoke demons
  A stone giant skeleton (Vaults:3)
  2 kobold blastminers
  Joseph (D:7)
  A titan simulacrum (Depths:3)
  A water nymph (shapeshifter) (Vaults:5)
  A torpor snail (shapeshifter) (Vaults:5)
  6 orange demons
  An unseen horror (D:10)
  A molten gargoyle (Depths:2)
  2 hellions
  9 torpor snails
  A yaktaur zombie (Vaults:3)
  An unseen horror zombie (D:6)
  16 cane toads
  4 rime drakes
  11 komodo dragons
  A spectral unseen horror (D:6)
  3 freezing wraiths (D:11)
  2 ice devils (Lair:5)
  2 komodo dragons (shapeshifter)
  17 yaktaurs
  An efreet (D:15)
  2 tormentors (Depths:1)
  4 guardian mummies (Zot:4)
  5 trolls
  A red devil (Lair:5)
  A queen bee (D:13)
  4 tyrant leeches
  4 polar bears
  A troll (shapeshifter) (D:14)
  29 tarantellas
  18 hornets
  A tengu simulacrum (Depths:3)
  2 glass eyes
  23 blink frogs
  2 iron dragon simulacra (Depths:3)
  31 slime creatures
  An air elemental (Elf:2)
  13 dream sheep
  An ettin zombie (Vaults:3)
  7 shadows
  A water elemental (Elf:3)
  21 jumping spiders
  A vampire (D:11)
  27 culicivoras
  8 wraiths
  8 wyverns
  A ynoxinul (D:11)
  A steam dragon (D:8)
  2 basilisks (shapeshifter) (D:14)
  6 fire elementals
  53 yaks
  6 golden eyes (D:13)
  6 basilisks
  A neqoxec (Zot:5)
  5 wargs
  47 redbacks
  A vampire mosquito (D:10)
  A yaktaur simulacrum (Vaults:4)
  A glowing shapeshifter zombie (Vaults:3)
  12 swamp worms
  A culicivora (shapeshifter) (Vaults:5)
  A human simulacrum (Vaults:4)
  An acid dragon (Orc:1)
  16 water moccasins
  5 hell hounds (Lair:5)
  43 orc warriors
  A swamp drake (Swamp:2)
  An ice beast (D:7)
  2 sky beasts
  2 laughing skulls (D:13)
  3 black bears
  11 ogres
  A tengu (shapeshifter) (D:13)
  7 wolves
  4 centaurs
  5 boggarts (Vaults:1)
  2 phantoms (D:9)
  2 weeping skulls (Elf:1)
  4 kobold brigands
  2 earth elementals
  10 bullfrogs
  A gnoll sergeant (D:9)
  A scorpion (D:3)
  7 wights (D:9)
  8 killer bees
  3 troll zombies (D:9)
  7 howler monkeys
  3 bombardier beetles
  5 electric eels
  3 lava snakes (Lair:5)
  A centaur zombie (D:6)
  A jelly (D:5)
  31 orc priests
  Crazy Yiuf (D:7)
  5 hounds
  A gnoll bouda (D:4)
  A sleepcap (D:6)
  4 iguanas
  15 orc wizards
  4 ogre zombies
  Robin (D:3)
  14 gnolls
  5 adders
  A howler monkey simulacrum (D:6)
  2 ufetubi (D:5)
  A ribbon worm (shapeshifter) (D:13)
  A ribbon worm (D:2)
  101 orcs
  4 ball pythons
  7 endoplasms
  4 giant cockroaches
  4 gnoll zombies (D:9)
  17 goblins
  6 hobgoblins
  3 jackals
  9 kobolds
  2 quokkas (D:3)
  3 bats
  3 frilled lizards (D:2)
  3 gnoll skeletons (D:9)
  3 orc skeletons (D:9)
  9 orc zombies (D:9)
  3 rats (D:1)
  2 aspiring fleshes
  3 butterflies
2029 creatures vanquished.

Vanquished Creatures (collateral kills)
  A pandemonium lord (Depths:1)
  the Lernaean hydra (Swamp:4)
  Bai Suzhen (Spider:4)
  A tentacled monstrosity (Depths:1)
  A swamp dragon (Swamp:4)
  2 ugly things (Swamp:4)
  A jumping spider (Spider:2)
  A culicivora (Spider:2)
  A redback (Spider:2)
10 creatures vanquished.

Vanquished Creatures (others)
  Asterion (Spider:1)
  An ice dragon (Depths:3)
  3 bloated husks
  A butterfly (Zot:4)
  6 foxfires (Swamp:3)
12 creatures vanquished.

Grand Total: 2051 creatures vanquished

Notes
Turn   | Place    | Note
-------+----------+-------------------------------------------
     0 | D:1      | EnegeticOcto the Formicid Cinder Acolyte began the quest
                  | for the Orb.
     0 | D:1      | Reached XP level 1. HP: 18/18 MP: 2/2
   122 | D:1      | Reached skill level 1 in Stealth
   239 | D:1      | Reached skill level 2 in Stealth
   239 | D:1      | Reached XP level 2. HP: 22/24 MP: 3/3
   500 | D:1      | Reached skill level 3 in Stealth
   534 | D:1      | Reached XP level 3. HP: 27/29 MP: 4/4
  1195 | D:2      | Learned a level 2 spell: Scorch
  1458 | D:2      | Reached XP level 4. HP: 37/37 MP: 6/6
  1885 | D:2      | Reached skill level 2 in Spellcasting
  2335 | D:3      | Reached skill level 3 in Spellcasting
  2335 | D:3      | Reached XP level 5. HP: 42/42 MP: 7/9
  2481 | D:3      | Noticed Robin
  2485 | D:3      | Killed Robin
  2486 | D:3      | Reached skill level 4 in Fighting
  2968 | D:3      | Reached skill level 4 in Fire Magic
  2968 | D:3      | Reached XP level 6. HP: 30/48 MP: 0/10
  3375 | D:3      | Reached skill level 4 in Spellcasting
  4156 | D:4      | Reached XP level 7. HP: 55/55 MP: 8/13
  4246 | D:4      | Found an opulent altar of Gozag.
  4559 | D:4      | Found a radiant altar of Vehumet.
  4574 | D:4      | Found an ancient bone altar of Kikubaaqudgha.
  4575 | D:4      | Found a shimmering blue altar of Sif Muna.
  4581 | D:4      | Got Kikubaaqudgha's Elucidation of Darkness
  4758 | D:5      | Entered Level 5 of the Dungeon
  4873 | D:5      | Reached skill level 5 in Fighting
  4873 | D:5      | Reached skill level 4 in Maces & Flails
  5299 | D:5      | Reached skill level 4 in Stealth
  5518 | D:4      | Reached skill level 5 in Maces & Flails
  5623 | D:5      | Reached skill level 5 in Stealth
  5623 | D:5      | Reached XP level 8. HP: 32/62 MP: 7/14
  6177 | D:5      | Found a white marble altar of Elyvilon.
  6247 | D:6      | Reached skill level 6 in Maces & Flails
  6413 | D:6      | Found a runed translucent gate.
  6414 | D:6      | Found a runed translucent gate.
  6415 | D:6      | Found a runed translucent gate.
  6417 | D:6      | Noticed ratatoskos's ghost (novice OpSh)
  6424 | D:6      | Noticed a spectral unseen horror
  6483 | D:6      | Reached skill level 7 in Maces & Flails
  6600 | D:6      | Found a bloodstained altar of Trog.
  7075 | D:6      | Reached skill level 8 in Maces & Flails
  7075 | D:6      | Reached XP level 9. HP: 54/68 MP: 10/15
  7275 | D:6      | Found Wyopiga's Antique Armour Boutique.
  7279 | D:6      | Bought a cloak for 117 gold pieces
  7532 | D:6      | Got the Precepts of Glamour and the Barrage
  7663 | D:6      | Learned a level 5 spell: Irradiate
  7678 | D:7      | Reached skill level 1 in Alchemy
  7759 | D:7      | Found a runed translucent door.
  7760 | D:7      | Noticed Crazy Yiuf
  7806 | D:7      | Reached skill level 1 in Armour
  7831 | D:7      | Reached skill level 1 in Conjurations
  7912 | D:7      | Reached skill level 2 in Alchemy
  8012 | D:7      | Noticed Maurice
  8173 | D:7      | Found a staircase to the Ecumenical Temple.
  8258 | D:7      | Noticed Joseph
  8570 | D:7      | Killed Crazy Yiuf
  8808 | D:8      | Reached skill level 2 in Armour
  8960 | D:7      | Reached skill level 2 in Conjurations
  8960 | D:7      | Reached skill level 3 in Alchemy
  9215 | D:8      | Reached skill level 6 in Fighting
  9252 | D:7      | Reached skill level 3 in Armour
  9311 | D:7      | Reached skill level 4 in Alchemy
  9379 | D:7      | Reached skill level 3 in Conjurations
  9379 | D:7      | Reached XP level 10. HP: 51/77 MP: 16/16
  9582 | D:8      | Reached skill level 4 in Armour
  9582 | D:8      | Reached skill level 5 in Alchemy
  9826 | D:8      | Learned a level 2 spell: Cigotuvi's Dreadful Rot
  9985 | D:7      | Reached skill level 7 in Fighting
 10572 | D:8      | Reached skill level 4 in Conjurations
 10879 | D:8      | Reached skill level 6 in Alchemy
 11460 | D:8      | Reached skill level 7 in Alchemy
 11559 | D:9      | Reached skill level 8 in Fighting
 11567 | D:9      | Reached skill level 5 in Conjurations
 11673 | D:9      | Found a stormy altar of Qazlal.
 11873 | D:9      | Found a basalt altar of Yredelemnul.
 11877 | D:9      | Identified the +8 war axe "Upraophu" {vamp, Fly rPois Will-
                  | SInv}
 11997 | D:9      | Found a staircase to the Orcish Mines.
 12121 | D:9      | Reached skill level 8 in Alchemy
 12164 | D:9      | Reached XP level 11. HP: 69/86 MP: 17/17
 12474 | D:9      | Reached skill level 6 in Conjurations
 12656 | D:9      | Reached skill level 9 in Alchemy
 12850 | D:9      | Noticed a cyclops
 12874 | D:9      | Killed a cyclops
 12875 | D:9      | Reached skill level 1 in Shields
 13015 | D:10     | Entered Level 10 of the Dungeon
 13096 | D:10     | Reached skill level 2 in Shields
 13148 | D:10     | Reached skill level 10 in Alchemy
 13241 | D:10     | Found a runed translucent gate.
 13241 | D:10     | Found a runed translucent gate.
 13241 | D:10     | Found a runed translucent gate.
 13245 | D:10     | Noticed Valeaz's ghost (journeyman GnAE)
 13250 | D:10     | Identified the +1 chain mail "Fulievul" {rPois rC+ Int+7
                  | Dex-4}
 13360 | D:10     | Found a flagged portal.
 13360 | D:10     | Noticed a two-headed ogre
 13368 | D:10     | Killed a two-headed ogre
 13369 | D:10     | Reached skill level 3 in Shields
 13385 | Bailey   | Entered a bailey
 13593 | Bailey   | Noticed an orc knight
 13883 | Bailey   | Reached skill level 5 in Spellcasting
 13997 | Bailey   | Killed an orc knight
 13998 | Bailey   | Reached skill level 4 in Shields
 14646 | Bailey   | Found a large runed translucent door.
 14646 | Bailey   | Found a large runed translucent door.
 14647 | Bailey   | Noticed a deep elf pyromancer
 14739 | Bailey   | Killed a deep elf pyromancer
 14745 | Bailey   | Identified the +4 chain mail "Hieb Ych" {rPois Regen+}
 14746 | Bailey   | Identified the +0 ring mail of Eye-covered Wonder {rPois
                  | rC++ Int-3}
 14972 | D:10     | Reached skill level 11 in Alchemy
 15000 | D:10     | Found an ornate altar of the Wu Jian Council.
 15003 | D:10     | Found a hide-covered altar of Uskayaw.
 15008 | D:10     | Found a burning altar of Makhleb.
 15533 | D:10     | Reached skill level 6 in Spellcasting
 15793 | D:10     | Noticed a two-headed ogre
 15793 | D:10     | Noticed a two-headed ogre
 15816 | D:10     | Killed a two-headed ogre
 15817 | D:10     | Reached skill level 5 in Shields
 15817 | D:10     | Reached XP level 12. HP: 94/94 MP: 10/21
 15903 | D:10     | Killed a two-headed ogre
 16074 | D:10     | Noticed a two-headed ogre
 16083 | D:10     | Killed a two-headed ogre
 16084 | D:10     | Reached skill level 6 in Shields
 16193 | D:10     | Reached skill level 9 in Fighting
 16193 | D:10     | Reached skill level 7 in Conjurations
 16661 | D:6      | Killed ratatoskos's ghost
 16662 | D:6      | Reached skill level 12 in Alchemy
 16875 | D:7      | Killed Joseph
 16964 | D:7      | Killed Maurice
 17131 | D:9      | Found a basalt altar of Yredelemnul.
 17169 | D:9      | Found a staircase to the Orcish Mines.
 17520 | D:9      | Found a stormy altar of Qazlal.
 18129 | D:9      | Learned a level 4 spell: Sticky Flame
 18198 | D:9      | Reached skill level 10 in Fighting
 18198 | D:9      | Reached skill level 13 in Alchemy
 18264 | D:9      | Reached skill level 1 in Evocations
 18413 | D:9      | Reached skill level 2 in Evocations
 18842 | D:11     | Found a staircase to the Lair.
 19014 | D:11     | Reached skill level 5 in Armour
 19085 | D:11     | Reached skill level 3 in Evocations
 19248 | D:11     | Reached XP level 13. HP: 103/103 MP: 10/23
 19348 | D:11     | Found Atzoh's Elemental Accessories.
 19372 | D:11     | Reached skill level 7 in Spellcasting
 19373 | D:11     | Bought a lightning rod (4/4) for 560 gold pieces
 19545 | D:11     | Noticed a centaur warrior
 19552 | D:11     | Killed a centaur warrior
 19557 | D:11     | Reached skill level 4 in Evocations
 19563 | D:11     | Reached skill level 6 in Armour
 19731 | D:11     | Noticed an ettin
 19731 | D:11     | Noticed a war gargoyle
 19731 | D:11     | Noticed a frost giant
 19874 | Lair:1   | Entered Level 1 of the Lair of Beasts
 20035 | Lair:1   | Reached skill level 7 in Armour
 20035 | Lair:1   | Reached skill level 8 in Spellcasting
 20434 | Lair:1   | Reached skill level 8 in Armour
 21727 | Lair:2   | Learned a level 6 spell: Eringya's Noxious Bog
 21745 | Lair:2   | Reached skill level 9 in Spellcasting
 21749 | Lair:2   | Reached skill level 14 in Alchemy
 21803 | Lair:2   | Noticed a catoblepas
 21811 | Lair:2   | Killed a catoblepas
 22039 | Lair:2   | Reached XP level 14. HP: 95/110 MP: 22/27
 22446 | Lair:2   | Found a hole to the Spider Nest.
 22575 | Lair:2   | Identified the amulet of New Discoveries {Acrobat Dex+3}
 22721 | Lair:2   | Reached skill level 10 in Spellcasting
 22783 | Lair:2   | Reached skill level 15 in Alchemy
 23710 | Lair:3   | Found a staircase to the Swamp.
 23903 | Lair:3   | Reached skill level 5 in Fire Magic
 25147 | Lair:4   | Reached skill level 8 in Conjurations
 25148 | Lair:4   | Reached skill level 11 in Fighting
 25149 | Lair:4   | Reached skill level 6 in Fire Magic
 25270 | Lair:4   | Reached skill level 11 in Spellcasting
 25270 | Lair:4   | Reached skill level 16 in Alchemy
 25282 | Lair:4   | Reached XP level 15. HP: 119/119 MP: 8/30
 25956 | Lair:5   | Entered Level 5 of the Lair of Beasts
 26318 | Lair:5   | Reached skill level 12 in Fighting
 26471 | Lair:5   | Reached skill level 17 in Alchemy
 26473 | Lair:5   | Reached skill level 12 in Spellcasting
 26600 | Lair:5   | Learned a level 5 spell: Yara's Violent Unravelling
 26987 | Lair:5   | Reached skill level 18 in Alchemy
 27047 | Lair:5   | Found a burning altar of Makhleb.
 27275 | Lair:5   | Found a gateway to Hell.
 27589 | Lair:5   | Reached skill level 1 in Staves
 27692 | Lair:5   | Found a staircase to the Slime Pits.
 27692 | Lair:5   | Found a viscous altar of Jiyva.
 28217 | Orc:1    | Entered Level 1 of the Orcish Mines
 28237 | Orc:1    | Reached skill level 7 in Shields
 28271 | Orc:1    | Reached skill level 5 in Evocations
 28450 | Orc:2    | Entered Level 2 of the Orcish Mines
 28450 | Orc:2    | Found a staircase to the Elven Halls.
 28453 | Orc:2    | Noticed Nessos
 28465 | Orc:2    | Killed Nessos
 28466 | Orc:2    | Reached skill level 2 in Staves
 28474 | Orc:2    | Reached XP level 16. HP: 110/128 MP: 6/32
 28603 | Orc:2    | Found an iron altar of Okawaru.
 29102 | Orc:1    | Noticed Sonja
 29103 | Orc:1    | Sonja changed into Sonja the acid dragon
 29103 | Orc:1    | Noticed Sonja
 29114 | Orc:1    | Killed Sonja the acid dragon
 29728 | Orc:2    | Reached skill level 9 in Armour
 29873 | Orc:2    | Reached skill level 3 in Staves
 30093 | Orc:2    | Found Silaheh's Book Shoppe.
 30096 | Orc:2    | Found Xivoom's Weapon Emporium.
 30097 | Orc:2    | Found Masuoh's Jewellery Shoppe.
 30098 | Orc:2    | Found Qaqagint's Assorted Antiques.
 30104 | Orc:2    | Bought a scroll labelled UKHLOTHR FOBUF for 27 gold pieces
 30219 | D:11     | Reached skill level 8 in Shields
 30277 | D:11     | Killed a frost giant
 30278 | D:11     | Reached skill level 6 in Evocations
 30449 | D:11     | Learned a level 4 spell: Olgreb's Toxic Radiance
 30454 | D:11     | Learned a level 4 spell: Ignite Poison
 30524 | D:11     | Identified the ring of the Scarab {rElec rF+ rN+}
 31428 | D:12     | Found a runed translucent door.
 31429 | D:12     | Found a shimmering altar of Xom.
 31429 | D:12     | Noticed Naggiasi's ghost (journeyman KoBr)
 31489 | D:12     | Reached skill level 4 in Staves
 31683 | D:12     | Identified the +1 falchion of Gluttony {antimagic, rN+}
 31907 | D:12     | Got Sif Muna's Codex of Fetching Shades
 32115 | D:12     | Found a glowing golden altar of the Shining One.
 32129 | D:12     | Reached skill level 13 in Fighting
 32424 | D:12     | Reached skill level 9 in Shields
 32981 | D:12     | Reached skill level 7 in Evocations
 33369 | D:13     | Reached skill level 10 in Armour
 33537 | D:13     | Noticed OceanMan's ghost (journeyman MiFi)
 33578 | D:13     | Found a transporter.
 33583 | D:13     | Found a transporter.
 33690 | D:13     | Reached skill level 5 in Staves
 34118 | D:13     | Killed OceanMan's ghost
 34454 | D:14     | Got the Disquisition on the Cemetery and Malisons
 34655 | D:14     | Reached XP level 17. HP: 125/137 MP: 21/33
 34785 | D:14     | Found a gate to the Vaults.
 35153 | D:14     | Reached skill level 10 in Shields
 35258 | D:14     | Identified the orb of Yredelemnul {*Rage, -Tele Harm Will+
                  | Stlth+}
 35417 | D:15     | Entered Level 15 of the Dungeon
 35574 | D:15     | Reached skill level 8 in Evocations
 35680 | D:15     | Reached skill level 6 in Staves
 35762 | D:15     | Found a staircase to the Depths.
 36219 | D:15     | Learned a level 4 spell: Cause Fear
 36224 | D:15     | Learned a level 4 spell: Manifold Assault
 36592 | D:10     | Killed Valeaz's ghost
 36602 | D:10     | Reached skill level 14 in Fighting
 36957 | Lair:1   | Reached skill level 1 in Dodging
 37087 | Spider:1 | Entered Level 1 of the Spider Nest
 37342 | Spider:1 | Reached skill level 2 in Dodging
 37470 | Spider:1 | Reached skill level 7 in Staves
 37788 | Spider:1 | Reached skill level 3 in Dodging
 38448 | Spider:1 | Identified the +2 war axe of the People {flame, rC+ Dex+3}
 38832 | Spider:1 | Noticed Asterion
 38847 | Spider:1 | Killed Asterion
 38973 | Spider:2 | Reached skill level 4 in Dodging
 38984 | Spider:2 | Reached skill level 8 in Staves
 39636 | Spider:2 | Reached skill level 15 in Fighting
 39638 | Spider:2 | Identified the +1 ring mail of the Apothecary {+Inv rPois
                  | rF- rCorr}
 39754 | Spider:2 | Noticed Roxanne
 40061 | Spider:2 | Noticed Arachne
 40086 | Spider:2 | Killed Arachne
 40087 | Spider:2 | Reached skill level 11 in Shields
 40087 | Spider:2 | Reached XP level 18. HP: 73/147 MP: 14/34
 40269 | Spider:2 | Reached skill level 9 in Staves
 41295 | Spider:3 | Reached skill level 12 in Shields
 41863 | Spider:3 | Noticed Nikola
 41876 | Spider:3 | Killed Nikola
 41882 | Spider:3 | Found the +7 lajatang of Order {silver, rMut}
 42038 | Spider:3 | Identified the +10 quarterstaff "Ogreslayer" {freeze, rC++
                  | Will-}
 42653 | Spider:4 | Entered Level 4 of the Spider Nest
 42653 | Spider:4 | Noticed Mara
 42653 | Spider:4 | Noticed Louise
 42661 | Spider:4 | Killed Louise
 42662 | Spider:4 | Reached skill level 10 in Staves
 42997 | Spider:4 | Gained mutation: You occasionally shout uncontrollably at
                  | your foes. [mutagenic glow]
 43064 | Spider:3 | Reached skill level 13 in Shields
 44212 | Spider:4 | Found a large runed translucent door.
 44213 | Spider:4 | Found a large runed translucent door.
 44515 | Spider:4 | Noticed EnegeticOcto's illusion
 44595 | Spider:4 | Noticed EnegeticOcto's illusion
 44596 | Spider:4 | Killed Mara
 44909 | Spider:4 | Noticed Agnes
 44914 | Spider:4 | Killed Agnes
 45329 | Spider:4 | Reached skill level 11 in Staves
 45573 | Spider:4 | Noticed Bai Suzhen
 45600 | Spider:4 | Killed Bai Suzhen
 45601 | Spider:4 | Reached skill level 14 in Shields
 45601 | Spider:4 | Reached XP level 19. HP: 94/155 MP: 21/35
 45979 | Spider:4 | Got a gossamer rune of Zot
 45994 | Spider:4 | Reached skill level 13 in Spellcasting
 45994 | Spider:4 | Reached skill level 19 in Alchemy
 45994 | Spider:4 | Reached XP level 20. HP: 162/162 MP: 35/37
 46458 | Swamp:1  | Entered Level 1 of the Swamp
 46458 | Swamp:1  | Found the +6 lightning scales {swift, rElec}
 46512 | Swamp:1  | Noticed Frances
 46523 | Swamp:1  | Killed Frances
 46719 | Swamp:1  | Noticed Donald
 46728 | Swamp:1  | Killed Donald
 46729 | Swamp:1  | Reached skill level 11 in Armour
 46898 | Swamp:1  | Identified the +0 chain mail "Uzedugas" {rElec rCorr Int-3
                  | Slay+2}
 47777 | Swamp:2  | Reached skill level 5 in Dodging
 49064 | Swamp:3  | Reached skill level 15 in Shields
 49522 | Swamp:4  | Entered Level 4 of the Swamp
 49666 | Swamp:4  | Reached skill level 12 in Staves
 50048 | Swamp:4  | Reached skill level 6 in Dodging
 50131 | Swamp:4  | Reached skill level 12 in Armour
 50323 | Swamp:4  | Noticed the 27-headed Lernaean hydra
 50328 | Swamp:4  | Killed the 27-headed Lernaean hydra
 50435 | Swamp:4  | Got a decaying rune of Zot
 50516 | Swamp:4  | Reached XP level 21. HP: 155/168 MP: 38/38
 51018 | Elf:1    | Entered Level 1 of the Elven Halls
 51054 | Elf:1    | Reached skill level 7 in Dodging
 51054 | Elf:1    | Reached skill level 16 in Shields
 51948 | Elf:1    | Reached skill level 8 in Dodging
 51950 | Elf:1    | Reached skill level 17 in Shields
 52387 | Elf:1    | Found Vuna's Weapon Shoppe.
 52478 | Elf:1    | Reached skill level 18 in Shields
 52853 | Elf:2    | Found Eleuk's Armour Emporium.
 52853 | Elf:2    | Found Tawotamo's Book Shoppe.
 53210 | Elf:2    | Reached skill level 19 in Shields
 53219 | Elf:2    | Found a runed translucent gate.
 53220 | Elf:2    | Found a runed translucent gate.
 53220 | Elf:2    | Found a runed translucent gate.
 53364 | Elf:3    | Entered Level 3 of the Elven Halls
 54162 | Elf:3    | Reached XP level 22. HP: 163/175 MP: 39/39
 54451 | Elf:3    | Reached skill level 16 in Fighting
 54881 | Elf:3    | Reached skill level 20 in Shields
 55650 | Elf:3    | Identified the +10 flail of the Hairy God {venom, Str+2}
 55817 | Elf:3    | Identified the death talisman of the Mind {Will+ rCorr
                  | Dex+2}
 55882 | Elf:3    | Identified the staff of the Old World {rF+ rCorr Conj Ice}
 55889 | Elf:3    | Identified the staff "Hynot" {rElec rF+ Dex-5 Necro Fire}
 55893 | Elf:3    | Got the Codex of Cold
 55901 | Elf:3    | Identified the staff of the Endless March {rF+ rN+ Fire}
 56300 | Vaults:1 | Entered Level 1 of the Vaults
 56526 | Vaults:1 | Noticed Boris
 56549 | Vaults:1 | Killed Boris
 56618 | Vaults:1 | Reached skill level 17 in Fighting
 56623 | Vaults:1 | Reached skill level 21 in Shields
 57433 | Vaults:1 | Found Leittaf's Assorted Antiques.
 57788 | Vaults:1 | Reached skill level 18 in Fighting
 58111 | Vaults:1 | Reached skill level 22 in Shields
 58115 | Vaults:1 | Reached XP level 23. HP: 190/190 MP: 21/40
 58320 | Vaults:2 | Noticed Boris
 58339 | Vaults:2 | Killed Boris
 58374 | Vaults:2 | Found a flickering gateway to a bazaar.
 58386 | Bazaar   | Entered a bazaar
 58387 | Bazaar   | Found Tyneb's Antique Armour Shop.
 58387 | Bazaar   | Found Mippisuv's Armour Boutique.
 58388 | Bazaar   | Found Coit Ulexuynn's Magic Scroll Emporium.
 58405 | Bazaar   | Bought a scroll of fear for 60 gold pieces
 58405 | Bazaar   | Bought a scroll of silence for 142 gold pieces
 58417 | Bazaar   | Bought a pair of dazzling gloves for 171 gold pieces
 58417 | Bazaar   | Identified the +2 pair of gloves "Akaohim" {Str+4} (You
                  | bought it in a shop in a bazaar)
 58431 | Bazaar   | Found Gaqew's Assorted Antiques.
 58440 | Bazaar   | Bought a potion of heal wounds for 130 gold pieces
 58440 | Bazaar   | Bought a potion of enlightenment for 130 gold pieces
 58451 | Bazaar   | Bought a +1 tower shield of resistance for 620 gold pieces
 58682 | Vaults:2 | Reached skill level 1 in Translocations
 58880 | Vaults:2 | Reached skill level 2 in Translocations
 59139 | Vaults:2 | Identified the +7 leather armour "Yfequth" {Rampage Int+2}
 59172 | Vaults:2 | Found the +9 sword of Power {lifebolt}
 59470 | Vaults:2 | Reached skill level 3 in Translocations
 59475 | Vaults:2 | Reached skill level 9 in Evocations
 60190 | Vaults:3 | Found a staircase to the Crypt.
 60251 | Vaults:3 | Reached skill level 4 in Translocations
 60387 | Vaults:3 | Reached skill level 13 in Armour
 60678 | Vaults:3 | Reached skill level 19 in Fighting
 60797 | Vaults:3 | Reached skill level 23 in Shields
 60896 | Vaults:3 | Reached XP level 24. HP: 196/201 MP: 40/40
 61080 | Vaults:3 | Reached skill level 10 in Evocations
 61379 | Vaults:4 | Found Kafiphei's Antique Weapon Shoppe.
 61506 | Vaults:4 | Reached skill level 5 in Translocations
 62792 | Depths:1 | Entered Level 1 of the Depths
 62937 | Depths:1 | Found Bixzoh's Antique Armour Shoppe.
 63208 | Depths:1 | Noticed a golden dragon
 63221 | Depths:1 | Killed a golden dragon
 63222 | Depths:1 | Reached skill level 6 in Translocations
 63280 | Depths:1 | Found a one-way gate leading to the halls of Pandemonium.
 63432 | Depths:1 | Identified the +3 lajatang of Gin and Tonic {flame, Str+3}
 63439 | Depths:1 | Reached skill level 14 in Armour
 63451 | Depths:1 | Reached skill level 11 in Evocations
 63620 | Depths:1 | Found a gateway to a bazaar.
 63667 | Bazaar   | Entered a bazaar
 63667 | Bazaar   | Found Nurph's Antique Weapon Boutique.
 63667 | Bazaar   | Found Wuletuc's Distillery.
 63667 | Bazaar   | Found Pyawiy's Magic Scroll Shop.
 63667 | Bazaar   | Found Geog's Assorted Antiques.
 63669 | Bazaar   | Found Ysodeh's Assorted Antiques.
 63669 | Bazaar   | Found Faqasoeh's General Store.
 63688 | Bazaar   | Bought a potion of invisibility for 96 gold pieces
 63688 | Bazaar   | Bought a potion of curing for 36 gold pieces
 63696 | Bazaar   | Bought a scroll of fog for 28 gold pieces
 63696 | Bazaar   | Bought a scroll of enchant armour for 52 gold pieces
 63700 | Bazaar   | Bought a scroll of fear for 112 gold pieces
 63705 | Bazaar   | Bought a potion of invisibility for 88 gold pieces
 63705 | Bazaar   | Bought a potion of curing for 33 gold pieces
 63705 | Bazaar   | Bought a potion of curing for 33 gold pieces
 63705 | Bazaar   | Bought a potion of enlightenment for 55 gold pieces
 63705 | Bazaar   | Bought a scroll of silence for 104 gold pieces
 63708 | Bazaar   | Bought a scroll of fear for 88 gold pieces
 63708 | Bazaar   | Bought a potion of magic for 176 gold pieces
 63708 | Bazaar   | Bought a wand of charming (5) for 264 gold pieces
 63708 | Bazaar   | Bought a scroll of revelation for 165 gold pieces
 64376 | Depths:2 | Identified the +10 orcbow of Osees {heavy, rPois SInv}
 64456 | Depths:2 | Noticed a juggernaut
 64468 | Depths:2 | Killed a juggernaut
 64531 | Depths:2 | Identified the +6 rapier of Yredelemnul's Favour {spect,
                  | MP-9 Str+5 Int+3}
 64539 | Depths:2 | Reached skill level 7 in Translocations
 64539 | Depths:2 | Reached XP level 25. HP: 181/210 MP: 40/40
 64682 | Depths:2 | Reached skill level 24 in Shields
 65026 | Depths:2 | Reached skill level 20 in Fighting
 65047 | Depths:2 | Identified the +9 war axe "Apribinu" {spect, rPois rC-
                  | Int+6}
 65329 | Depths:2 | Found a stormy altar of Qazlal.
 65424 | Depths:2 | Reached skill level 12 in Evocations
 66459 | Depths:3 | Reached skill level 15 in Armour
 66608 | Depths:3 | Reached skill level 8 in Translocations
 66998 | Depths:3 | Found a one-way gate to the infinite horrors of the Abyss.
 67047 | Depths:3 | Noticed a juggernaut
 67065 | Depths:3 | Killed a juggernaut
 67177 | Depths:3 | Identified the ring of Imoazih {Ice *Corrode rElec rPois
                  | Dex+6}
 67177 | Depths:3 | Noticed Josephina
 67195 | Depths:3 | Killed Josephina
 67273 | Depths:3 | Found a runed translucent door.
 67273 | Depths:3 | Found a runed translucent door.
 67297 | Depths:3 | Noticed a juggernaut
 67315 | Depths:3 | Killed a juggernaut
 67372 | Depths:3 | Reached skill level 9 in Translocations
 67473 | Depths:3 | Got the Volume of Glacial Lamentation
 67487 | Depths:3 | Identified the +4 orcbow "Yqaoze" {heavy, Str+2}
 67489 | Depths:3 | Identified the ring of Otruple Golu {Fly rC+++ Int-2 SInv
                  | Stlth-}
 67752 | Depths:4 | Entered Level 4 of the Depths
 67760 | Depths:4 | Noticed a juggernaut
 67763 | Depths:4 | Noticed Grunn
 67765 | Depths:3 | Reached skill level 25 in Shields
 67998 | Depths:4 | Found a runed translucent door.
 67998 | Depths:4 | Noticed Viocziel's ghost (adept TrMo)
 68015 | Depths:4 | Found a one-way gateway to a ziggurat.
 68181 | Depths:4 | Found a shimmering blue altar of Sif Muna.
 68303 | Depths:4 | Reached XP level 26. HP: 215/219 MP: 22/40
 68305 | Depths:4 | Reached skill level 21 in Fighting
 68320 | Depths:4 | Killed Grunn
 68623 | Depths:4 | Found a gate to the Realm of Zot.
 68776 | Depths:4 | Reached skill level 10 in Translocations
 68846 | Depths:4 | Identified the +9 falchion "Qocwyaro" {flame, rF++ rN+}
 68861 | Depths:4 | Killed a juggernaut
 69405 | Vaults:5 | Entered Level 5 of the Vaults
 69546 | Vaults:5 | Reached skill level 26 in Shields
 70169 | Vaults:5 | Noticed an ancient lich
 70178 | Vaults:5 | Killed an ancient lich
 70179 | Vaults:5 | Reached skill level 22 in Fighting
 71108 | Vaults:5 | Identified the +4 robe of the Bagpipe {Dex+6}
 71485 | Vaults:5 | Got a silver rune of Zot
 71546 | Vaults:5 | Identified a scroll of acquirement
 71559 | Vaults:5 | Acquired 783 gold pieces
 71597 | Vaults:5 | Reached skill level 27 in Shields
 71618 | Vaults:5 | Reached XP level 27. HP: 230/231 MP: 25/40
 71782 | Vaults:5 | Reached skill level 23 in Fighting
 71848 | Vaults:5 | Identified the ring "Hyeptidiu" {rN++ Int+5 Slay+4 SInv}
 72427 | Vaults:5 | Got the Excursus on Bewitching Transmutation
 72552 | Vaults:5 | Learned a level 1 spell: Apportation
 72827 | Zot:1    | Entered Level 1 of the Realm of Zot
 74009 | Zot:3    | Noticed a Killer Klown
 74022 | Zot:3    | Killed a Killer Klown
 74059 | Zot:3    | Reached skill level 9 in Dodging
 75192 | Zot:4    | Reached skill level 16 in Armour
 75333 | Zot:4    | Reached skill level 24 in Fighting
 75891 | Zot:4    | Noticed a Killer Klown
 75922 | Zot:4    | Killed a Killer Klown
 75923 | Zot:4    | Reached skill level 10 in Dodging
 75985 | Zot:4    | Identified the +6 glaive "Kuveevuef" {chaos, Int+5 Dex+4}
 75985 | Zot:4    | Identified the +1 ring mail of Anaesthesia {rC+}
 76031 | Zot:4    | Identified the +9 battleaxe "Celeast" {chaos, rF+ Stlth+}
 76031 | Zot:4    | Identified the +1 chain mail of Tempters {-Tele Harm Regen+
                  | Dex+7}
 76061 | Zot:4    | Noticed a Killer Klown
 76071 | Zot:4    | Killed a Killer Klown
 76087 | Zot:4    | Identified the +6 glaive "Waob" {chaos, ^Fragile rPois
                  | Will- Int+9}
 76087 | Zot:4    | Identified the +0 ring mail of Patterns {Rampage +Blink
                  | rPois Slay+2}
 76262 | Zot:4    | Found a large runed translucent door.
 76263 | Zot:4    | Found a large runed translucent door.
 76264 | Zot:4    | Found a large runed translucent door.
 76264 | Zot:4    | Found a shimmering altar of Xom.
 76478 | Zot:4    | Found a large runed translucent door.
 76479 | Zot:4    | Found a large runed translucent door.
 76483 | Zot:4    | Found a large runed translucent door.
 76483 | Zot:4    | Found a large runed translucent door.
 76484 | Zot:4    | Found a large runed translucent door.
 76485 | Zot:4    | Noticed a Killer Klown
 76497 | Zot:4    | Killed a Killer Klown
 76500 | Zot:4    | Identified the +2 hand cannon "Ejubotes" {chaos, Will+
                  | Dex+2}
 76500 | Zot:4    | Identified the +1 dire flail of Locus Delicti {chaos,
                  | Dex+3}
 76500 | Zot:4    | Identified the +0 robe "Vannin" {rCorr Slay+3}
 76513 | Zot:4    | Noticed a Killer Klown
 76523 | Zot:4    | Killed a Killer Klown
 77038 | Zot:5    | Entered Level 5 of the Realm of Zot
 77171 | Zot:5    | Noticed a Killer Klown
 77193 | Zot:5    | Killed a Killer Klown
 77382 | Zot:5    | Reached skill level 17 in Armour
 78639 | Zot:5    | Reached skill level 11 in Dodging
 79211 | Zot:5    | Noticed an ancient lich
 79221 | Zot:5    | Killed an ancient lich
 79222 | Zot:5    | Reached skill level 13 in Staves
 79890 | Zot:5    | Noticed a Killer Klown
 79969 | Zot:5    | Noticed an ancient lich
 79989 | Zot:5    | Killed an ancient lich
 80215 | Zot:5    | Noticed a Killer Klown
 80230 | Zot:5    | Killed a Killer Klown
 80795 | Zot:5    | Noticed an orb of fire
 81137 | Zot:5    | Noticed an ancient lich
 81150 | Zot:5    | Killed an ancient lich
 81167 | Zot:5    | Noticed an ancient lich
 81177 | Zot:5    | Noticed a dread lich
 81186 | Zot:5    | Killed an ancient lich
 81189 | Zot:5    | Noticed an orb of fire
 81198 | Zot:5    | Killed a dread lich
 81205 | Zot:5    | Gained mutation: You are clumsy. (Dex -2) [an orb of fire]
 81207 | Zot:5    | Killed an orb of fire
 81680 | Zot:5    | Noticed a Killer Klown
 81705 | Zot:5    | Killed a Killer Klown
 82129 | Zot:5    | Reached skill level 25 in Fighting
 82133 | Zot:5    | Learned a level 3 spell: Call Canine Familiar
 82288 | Zot:5    | Killed an orb of fire
 82289 | Zot:5    | Reached skill level 2 in Summonings
 82729 | Zot:5    | Noticed a Killer Klown
 82741 | Zot:5    | Killed a Killer Klown
 82742 | Zot:5    | Reached skill level 3 in Summonings
 82921 | Zot:5    | Killed a Killer Klown
 82922 | Zot:5    | Reached skill level 4 in Summonings
 83157 | Zot:5    | Noticed a Killer Klown
 83171 | Zot:5    | Killed a Killer Klown
 83172 | Zot:5    | Reached skill level 5 in Summonings
 83856 | Zot:5    | Reached skill level 6 in Summonings
 84569 | Zot:5    | Got the Orb of Zot
 84765 | Depths:1 | Noticed Utruug the pandemonium lord
 84770 | Depths:1 | Reached skill level 7 in Summonings
 84770 | Depths:1 | Killed Utruug the pandemonium lord
 84889 | D:13     | Gained mutation: Your spells are a little easier to cast,
                  | but a little less powerful. [a cacodemon]
 84898 | D:13     | Reached skill level 8 in Summonings
 85217 | D:$      | Escaped with the Orb!

Illustrated notes

Levels and vault maps discovered:
D:1:      dpeg_arrival_connections, layout_loops_ring, kennysheep_small_spiral,
          supply_closet_lemuel
D:2:      layout_basic, ebering_dispersal_statue_hall, serial_bayou_pond_b
D:3:      layout_basic, glass_columns_b, minmay_misc_feat_pillars,
          nrook_mini_backslash, minmay_misc_feat_diagonals,
          cheibrodos_gnoll_hut, uniq_robin
D:4:      layout_basic, grunt_temple_overflow_magic_moments,
          mainiacjoe_overflow_tiny_flanked
D:5:      nicolae_BIG_FREAKIN_CUBE, layout_rooms, nicolae_elyvilon_temple_path,
          amcnicky_mini_pool_small, dreamdust_princess_bridge, sigmund_army
D:6:      layout_gridville, trog_antimagical, serial_shops,
          nicolae_shop_dealshenge, gammafunk_ghost_necromancy
D:7:      layout_loops_ring, minmay_temple_entry_butterflies,
          chequers_serial_rivers_micro_d, uniq_maurice, uniq_crazy_yiuf_cottage,
          uniq_joseph
D:8:      layout_gridville, special_room [special_room_orc]
D:9:      layout_irregular_city, yredelemnul_altar_generic,
          mainiacjoe_overflow_surrounded_room, zombieorc1_lemuel,
          evilmike_minifort
D:10:     minmay_polygon_palace, layout_cave_pods,
          grunt_temple_overflow_diamond, enter_bailey_2,
          biasface_ghost_orc_armoury
D:11:     minmay_shrinking_squares, layout_basic, david_lair_shrubbed,
          nicolae_elemental_shop
D:12:     dreamdust_under_siege, layout_irregular_city, ebering_ghost_xom
D:13:     layout_loops_ring, gammafunk_ghost_hive, lemuel_old_faithful
D:14:     layout_rooms, david_vaults_4, serial_library_hellmonk_semicircle
D:15:     grunt_enter_depths_snipers, layout_rooms, small_statue_intersection
Lair:1:   layout_long_grid, minmay_lair_oklob_bushes
Lair:2:   layout_regular_city, spider_nest_entry_web_field,
          pdpol_lair_cavern_descent
Lair:3:   layout_cave_shapes, mainiacjoe_swamp_entry_lozenge_pond,
          grunt_megastairs_1
Lair:4:   layout_hall_layers, grunt_megastairs_3, infiniplex_staircase_pool
Lair:5:   evil_forest, layout_cave_shapes, slime_entry_1,
          portal_ice_cave_entry_animals_and_master, disabler_island
Swamp:1:  layout_falls_marsh, evilmike_swamp_ruin_house_6, uniq_frances,
          uniq_donald
Swamp:2:  layout_falls_marsh, nicolae_swamp_orc_logging_accident
Swamp:3:  layout_basic_swamp, nicolae_swamp_big_swirl,
          nicolae_swamp_decorative_isthmus
Swamp:4:  swamp_vile, layout_basic_swamp
Spider:1: layout_spider_delve, uniq_asterion
Spider:2: layout_spider_delve, uniq_arachne, uniq_roxanne
Spider:3: layout_spider_delve, uniq_nikola
Spider:4: grunt_spider_rune_island, drop_trap, spiders_nest_the_unseen,
          uniq_mara, uniq_bai_suzhen, uniq_louise, uniq_agnes
Orc:1:    layout_caves, uniq_sonja
Orc:2:    st_orc_pillars, layout_caves, enter_volcano_4,
          okawaru_metal_pillars_1_2, uniq_nessos
Elf:1:    kennysheep_six_static_rooms, layout_loops_corners, serial_shops, shop,
          hangedman_elven_crosses_minicolossus, grunt_ministairs_2,
          nicolae_elf_glass_and_crystal_pillar_1, nicolae_elf_deep_mausoleum
Elf:2:    nicolae_elf_blades_crystal_corner, layout_geoelf_octagon,
          nicolae_concentric_dashed_squares_mild, minmay_shoptagon
Elf:3:    elf_hall_gauntlet_narrow, layout_geoelf_castle
Vaults:1: v_misc_2, nicolae_vaults_security_offices_6,
          nicolae_vaults_specimen_jars, v_misc_2, v_misc_23, v_misc_32,
          nicolae_vaults_swerve, nicolae_vaults_heist,
          nicolae_vaults_trapezoid_lopsided_1, hangedman_vaults_corner_blocks,
          grunt_vaults_hallway_short, nicolae_vaults_twisting_passages,
          layout_vaults_omnibox, serial_shops, shop, uniq_boris
Vaults:2: nicolae_vaults_meiosis, v_misc_8, nicolae_vaults_cornered_office,
          minmay_guarded_unrand_sword_of_power, ontoclasm_vaults_idyll,
          dpeg_vaults_monster_box, nicolae_vaults_weapon_check, v_misc_24,
          nicolae_vaults_little_ls, layout_vaults_omnigrid, serial_shops,
          bzr_entry_lakeside
Vaults:3: vaults_mumra_chevron, grunt_vaults_focal,
          minmay_crypt_entry_nasty_monster, gargoyle_guard,
          hangedman_vaults_locks, v_misc_26,
          nicolae_vaults_trapezoid_lopsided_1, layout_vaults_ring
Vaults:4: hangedman_vaults_stitches, v_rooms_3,
          vaults_mumra_minichess_inversion, nicolae_vaults_an_arrangement,
          nicolae_vaults_shelves_hall, nicolae_vaults_trapezoid_lopsided_4,
          nicolae_vaults_turnstiles, nicolae_vaults_tetromino_T_1,
          grunt_vaults_hallway_short, grunt_vaults_twisty,
          nicolae_vaults_diagonal_hallway_8, layout_vaults_big_cross,
          serial_shops, shop
Vaults:5: serial_shops
Depths:1: layout_cave_shapes, grunt_pan_entry_zigzag, serial_shops,
          bzr_entry_islet, nicolae_shop_hallway_plus, hell_entry,
          beargit_elvish_explorers, grunt_megastairs_4
Depths:2: angbandy_vault, layout_cave_pools, grunt_mini_vestibule,
          rand_demon_pan_entry_3, hangedman_decor_lopped, grunt_qazlal_sundering
Depths:3: minmay_the_grid_four_pointed_star_mashed
          [minmay_the_grid_triangle_9x9_minimal,
          minmay_the_grid_triangle_9x9_tough_junction,
          minmay_the_grid_triangle_9x9_windchime,
          minmay_the_grid_triangle_9x9_cache, minmay_the_grid_prize_trominoes],
          layout_gridlike, hell_entry, dreamdust_wishing_well, abyss_entry,
          uniq_josephina
Depths:4: grunt_zot_entry_tricorne, layout_long_grid, enter_ziggurat_f,
          hell_entry, nicolae_sif_muna_condensation,
          hellmonk_ghost_happy_afterlife, uniq_grunn
Zot:1:    layout_basic
Zot:2:    layout_misc_corridors, regret_index_zotdec_twisting_globes
Zot:3:    layout_concentric_octagons, hangedman_zot_wheel_spokes
Zot:4:    layout_basic, hangedman_zot_gyre, hangedman_xom_zot_hilarity
Zot:5:    layout_gridlike

Skill      XL: |  1  2  3  4  5  6  7  8  9 10 11 12 13 14 15 16 17 18 19 20 21 22 23 24 25 26 27 |
---------------+----------------------------------------------------------------------------------+-----
Stealth        | 2 3 5 |  5.0
Spellcasting   | 3 4 6 9 11 12 13 | 13.0
Fighting       | 4 5 6 8 10 11 12 13 15 18 19 20 22 25 | 25.0
Fire Magic     | 4 6 |  6.0
Maces & Flails | 5 8 |  8.8
Alchemy        | 4 8 11 13 14 16 18 19 | 19.0
Armour         | 3 4 5 8 10 12 13 14 15 17 | 17.9
Conjurations   | 3 5 6 7 8 |  8.0
Shields        | 5 6 7 9 11 14 15 19 22 23 25 27 | 27.0
Evocations     | 3 4 5 7 8 9 11 12 | 12.0
Staves         | 2 5 8 11 12 13 | 13.8
Dodging        | 4 6 8 11 | 11.8
Translocations | 4 7 9 10 | 10.0
Summonings     | 8 |  8.3

Action                     |  1- 3 |  4- 6 |  7- 9 | 10-12 | 13-15 | 16-18 | 19-21 | 22-24 | 25-27 || total
---------------------------+-------+-------+-------+-------+-------+-------+-------+-------+-------++-------
  Melee: Mace              |    41 |       |       |       |       |       |       |       |       ||    41
         Whip              |       |       |   152 |   332 |       |       |       |       |       ||   484
         Punch             |       |       |     1 |    10 |       |       |       |       |       ||    11
         Quarterstaff      |       |       |       |   117 |       |       |       |       |       ||   117
         Staff             |       |       |       |    18 |   293 |   217 |     4 |       |       ||   532
         War axe           |       |       |       |    11 |       |       |       |       |       ||    11
         Lajatang          |       |       |       |       |       |    55 |   617 |  1104 |  1961 ||  3737
   Fire: Sling             |    24 |   118 |     8 |       |       |       |       |       |       ||   150
  Throw: Dart              |     8 |     6 |     6 |     5 |     7 |       |       |     1 |     9 ||    42
   Cast: Scorch            |     2 |    41 |    98 |   190 |    57 |    20 |       |       |       ||   408
         Irradiate         |       |       |       |    36 |    41 |   119 |    32 |    21 |    29 ||   278
         Sticky Flame      |       |       |       |     4 |    36 |    24 |     8 |     2 |       ||    74
         Eringya's Noxious |       |       |       |       |    62 |    16 |       |       |       ||    78
         Olgreb's Toxic Ra |       |       |       |       |       |   206 |   107 |   133 |   142 ||   588
         Ignite Poison     |       |       |       |       |       |   135 |    50 |    66 |    72 ||   323
         Manifold Assault  |       |       |       |       |       |       |       |       |    86 ||    86
         Yara's Violent Un |       |       |       |       |       |       |       |       |     2 ||     2
 Invoke: Fiery Armour      |     1 |     1 |       |       |       |       |       |       |       ||     2
         Rising Flame      |       |       |       |       |     1 |       |       |       |       ||     1
Ability: Dig               |       |       |       |       |     1 |     2 |     1 |     1 |     4 ||     9
  Evoke: Wand              |       |       |     1 |     3 |     5 |    18 |     2 |     3 |     9 ||    41
         Lightning rod     |       |       |       |       |       |    11 |     6 |       |       ||    17
         Phantom mirror    |       |       |       |       |       |     2 |     1 |       |     3 ||     6
    Use: Potion            |     1 |       |       |       |     4 |     4 |     2 |       |     4 ||    15
         Scroll            |       |     5 |     5 |     7 |     8 |     7 |    13 |     5 |    14 ||    64
   Stab: Sleeping          |     2 |       |     2 |     4 |       |       |       |       |       ||     8
         Distracted        |       |       |       |     1 |       |       |       |       |     1 ||     2
         Petrified         |       |       |       |       |     4 |       |       |       |       ||     4
 Armour: Robe              |    20 |    56 |     8 |       |       |       |       |       |       ||    84
         Ring mail         |       |       |    95 |   354 |   103 |       |       |       |       ||   552
         Chain mail        |       |       |       |    16 |   266 |   529 |   405 |   463 |   828 ||  2507
  Dodge: Dodged            |    37 |    51 |    73 |   279 |   222 |   211 |   124 |   174 |   331 ||  1502
  Block: Buckler           |       |       |       |    43 |   104 |    79 |       |       |       ||   226
         Kite shield       |       |       |       |       |       |   258 |    10 |       |       ||   268
         Tower shield      |       |       |       |       |       |       |   744 |  1143 |  2076 ||  3963

Table legend:
 A = Kills in this place as a percentage of kills in the entire game.
 B = Kills by you in this place as a percentage of kills by you in the entire game.
 C = Kills by friends in this place as a percentage of kills by friends in the entire game.
 D = Other kills in this place as a percentage of other kills in the entire game.
 E = Experience gained in this place as a percentage of experience gained in the entire game.
 F = Experience gained in this place divided by the number of levels of this place that you have seen.
                   A       B       C       D       E      F
               +-------+-------+-------+-------+-------+----------------------
         Total | 100.0 | 100.0 | 100.0 | 100.0 | 100.0 | 25691.4
       Dungeon |  20.5 |  20.7 |   0.0 |   0.0 |   6.4 | 5466.9
          Lair |  10.5 |  10.6 |   0.0 |   0.0 |   5.9 | 15160.8
         Swamp |   6.0 |   5.8 |  40.0 |  33.3 |   5.5 | 17568.8
   Spider Nest |  10.6 |  10.4 |  40.0 |  33.3 |   8.3 | 26545.5
  Orcish Mines |   5.4 |   5.4 |   0.0 |   0.0 |   1.3 | 8078.5
   Elven Halls |   8.7 |   8.8 |   0.0 |   0.0 |   9.4 | 40272.0
        Vaults |  18.7 |  18.8 |   0.0 |   0.0 |  25.5 | 65559.8
        Depths |  10.6 |  10.5 |  20.0 |  33.3 |  18.0 | 57926.8
           Zot |   8.2 |   8.3 |   0.0 |   0.0 |  19.6 | 50345.6
        Bailey |   0.7 |   0.7 |   0.0 |   0.0 |   0.2 | 2097.0
               +-------+-------+-------+-------+-------+----------------------
